 Dungeon Crawl Stone Soup version 0.21.0-3-g78d12a8 (webtiles) character file.

16319 tv1990 the Severer (level 12, -2/106 HPs)
             Began as a Minotaur Berserker on Jan 9, 2018.
             Was an Elder of Trog.
             Slain by a profane servitor
             ... wielding a +2 whip of freezing
              (5 damage)
             ... on level 1 of the Abyss.
             The game lasted 00:29:00 (10461 turns).

tv1990 the Severer (Minotaur Berserker)            Turns: 10461, Time: 00:29:01

Health: -2/106     AC: 20    Str: 23    XL:     12   Next: 9%
Magic:  11/11      EV:  7    Int:  4    God:    Trog [****..]
Gold:   461        SH:  0    Dex: 14    Spells: 11/11 levels left

rFire    . . .     SeeInvis .   N - +1 battleaxe
rCold    + . .     Gourm    .   (shield currently unavailable)
rNeg     . . .     Faith    .   v - +0 plate armour
rPois    +         Spirit   .   n - +2 hat
rElec    .         Reflect  .   s - +0 cloak (curse)
rCorr    .         Harm     .   P - +0 pair of gloves (curse)
MR       .....                  p - +0 pair of boots
Stlth    ..........             (no amulet)
HPRegen  0.27/turn              Q - ring of protection from cold
MPRegen  0.12/turn              M - ring of poison resistance

@: about to teleport, berserk cooldown, starving, slowed, wreathed by umbra,
drained, very slow
A: retaliatory headbutt, horns 2
a: Berserk, Trog's Hand, Brothers in Arms, Burn Spellbooks, Renounce Religion


You were on level 1 of the Abyss.
You worshipped Trog.
Trog was greatly pleased with you.
You were starving.

You visited 3 branches of the dungeon, and saw 12 of its levels.
You visited the Abyss 1 time.
You also visited: Ossuary.

You collected 461 gold pieces.

Inventory:

Hand Weapons
 a - a +0 hand axe
 x - a +1 dire flail of crushing
 I - a +0 war axe
 L - a +2 flail of protection
 N - a +1 battleaxe (weapon)
 R - a +1 flail of protection
Armour
 b - a +0 animal skin
 g - a +0 leather armour
 h - a +1 animal skin
 m - a +0 ring mail
 n - a +2 hat (worn)
 p - a +0 pair of boots (worn)
 s - a cursed +0 cloak (worn)
 v - a +0 plate armour (worn)
 P - a cursed +0 pair of gloves (worn)
Jewellery
 e - a +2 ring of evasion
 i - an uncursed ring of protection from magic
 j - a +3 ring of dexterity
 r - an uncursed ring of see invisible
 M - a ring of poison resistance (right hand)
 Q - a ring of protection from cold (left hand)
Wands
 A - a wand of paralysis (24)
 J - a wand of disintegration (17)
 K - a wand of iceblast (3)
Scrolls
 d - 4 scrolls of enchant armour
 l - 2 scrolls of blinking
 q - a scroll of random uselessness
 u - 5 scrolls of teleportation
 y - a scroll of amnesia
 z - 5 scrolls of magic mapping
 C - 2 scrolls of remove curse
 G - 2 scrolls of fear
 H - a scroll of enchant weapon
 S - a scroll of fog
Potions
 f - a potion of heal wounds
 k - 3 potions of mutation
 o - 6 potions of curing
 t - 4 potions of lignification
 w - 2 potions of cancellation
 B - 5 potions of haste {unknown}
 D - 4 potions of flight
 E - a potion of ambrosia
 F - a potion of might
Comestibles
 c - 17 rations


   Skills:
 + Level 10.2(9.3) Fighting
 * Level 18.2(17.1) Axes
 + Level 9.9(9.0) Armour
 - Level 2.1(1.4) Dodging


You had 11 spell levels left.
You didn't know any spells.

Dungeon Overview and Level Annotations

Branches:
Dungeon (9/15)             Temple (0/1) D:7            Lair (2/6) D:9
    Orc (1/2) D:9
  Swamp: Lair:2-4    Shoals: Lair:2-4     Snake: Lair:2-4    Spider: Lair:2-4

Altars:
Cheibriados
Dithmenos
Fedhas
Hepliaklqana
Kikubaaqudgha
Makhleb
Nemelex Xobeh
Okawaru
Qazlal
Ru
Wu Jian
Xom
The Shining One

Annotations:
Lair:1 exclusion: oklob plant
Lair:2 Sonja


Innate Abilities, Weirdness & Mutations

You reflexively headbutt those who attack you in melee.
You have a pair of horns on your head.


Message History

The profane servitor hits you with a whip of freezing.
* * * LOW HITPOINT WARNING * * *
The profane servitor draws strength from your injuries!
The profane servitor freezes you.
* * * LOW HITPOINT WARNING * * *
The profane servitor hits you but does no damage. x3
A small abomination comes into view.
The profane servitor hits you but does no damage. x2
The profane servitor hits you but does no damage.
The profane servitor closely misses you.
The profane servitor hits you but does no damage. x2
The profane servitor completely misses you.
The profane servitor hits you but does no damage.
The profane servitor hits you with a whip of freezing!
* * * LOW HITPOINT WARNING * * *
The profane servitor draws strength from your injuries!
The profane servitor freezes you.
* * * LOW HITPOINT WARNING * * *
The profane servitor hits you with a whip of freezing.
You die...

..# #..#
.x### .#
#.#. ##.#
... ##..#
#.###...#
.#.##.#..#
##...#####
#A####
#.@.##
####.# # .
. .. # . #
# # # . #.
# .


You could see a profane servitor.

Vanquished Creatures
  3 hydras
  Harold (Lair:1)
  A two-headed ogre (D:9)
  3 elephants (Lair:2)
  4 molten gargoyles (D:9)
  A spiny frog (D:9)
  The ghost of MDvedh the Poker, a novice FoAK of Lugonu (D:6)
  A hellion (Abyss:1)
  2 komodo dragons (Lair:1)
  A troll (D:9)
  A hornet (D:8)
  3 hippogriffs
  A shadow (Abyss:1)
  A spriggan (D:7)
  3 yaks (Lair:2)
  2 basilisks
  A hungry ghost (D:9)
  2 steam dragons (Lair:2)
  5 porcupines
  3 water moccasins
  7 orc warriors
  3 black bears (D:9)
  An ice beast (D:6)
  4 phantoms
  8 wolves
  A small abomination (Abyss:1)
  3 centaurs
  5 crocodiles
  An ogre (D:4)
  3 big kobolds
  A water moccasin zombie (D:9)
  A water moccasin skeleton (D:9)
  9 killer bees (Lair:2)
  6 scorpions
  14 wights
  4 howler monkeys
  An electric eel (D:6)
  5 jellies
  A centaur zombie (Ossuary)
  3 crimson imps
  2 bullfrog zombies (Ossuary)
  4 hounds
  A centaur skeleton (D:9)
  6 orc priests
  8 orc wizards
  2 iguanas
  2 killer bee zombies (Ossuary)
  6 worker ants
  The ghost of komo4ek the Chucker, a weakling OgHu (D:3)
  4 hound zombies
  2 hound skeletons (D:5)
  10 mummies (Ossuary)
  A howler monkey zombie (Ossuary)
  3 worker ant zombies (Ossuary)
  Robin (D:2)
  A howler monkey skeleton (D:6)
  6 adders
  An ufetubus (Abyss:1)
  5 adder zombies (Ossuary)
  4 worms
  4 leopard geckos
  39 orcs
  2 bats
  2 giant cockroaches (D:2)
  14 goblins
  6 hobgoblins
  5 jackals
  19 kobolds
  3 quokkas
  A ball python zombie (Ossuary)
  2 frilled lizards
  2 quokka skeletons
  A quokka zombie (D:9)
  9 rats
  2 fungi (Lair:1)
  4 plants
306 creatures vanquished.

Vanquished Creatures (others)
  3 fungi
  4 plants
  A withered plant (Ossuary)
8 creatures vanquished.

Grand Total: 314 creatures vanquished

Notes
Turn   | Place    | Note
-------+----------+-------------------------------------------
     0 | D:1      | tv1990 the Minotaur Berserker began the quest for the Orb.
     0 | D:1      | Reached XP level 1. HP: 19/19 MP: 0/0
   189 | D:1      | Reached skill level 4 in Axes
   195 | D:1      | Reached XP level 2. HP: 25/26 MP: 1/1
   573 | D:2      | Noticed Robin
   578 | D:2      | Reached skill level 5 in Axes
   578 | D:2      | Reached ** piety under Trog
   582 | D:2      | Killed Robin
   582 | D:2      | Reached XP level 3. HP: 31/31 MP: 2/2
  1242 | D:3      | Reached XP level 4. HP: 39/39 MP: 3/3
  1276 | D:3      | Reached skill level 6 in Axes
  1449 | D:3      | Noticed komo4ek's ghost (weakling OgHu)
  1457 | D:3      | Killed komo4ek's ghost
  1816 | D:3      | Found a shimmering altar of Xom.
  1817 | D:3      | Found a hazy altar of Hepliaklqana.
  1817 | D:3      | Noticed a yak
  1818 | D:3      | Noticed a spectral ugly thing
  1818 | D:3      | Noticed a yak
  1939 | D:4      | Noticed an ogre
  1948 | D:4      | Killed an ogre
  1948 | D:4      | Reached skill level 7 in Axes
  1948 | D:4      | Reached XP level 5. HP: 26/45 MP: 4/4
  2345 | D:4      | Reached skill level 8 in Axes
  2397 | D:4      | Reached XP level 6. HP: 27/51 MP: 5/5
  2693 | D:5      | Entered Level 5 of the Dungeon
  2720 | D:5      | Found a shimmering altar of Xom.
  2752 | D:5      | Reached skill level 9 in Axes
  2855 | D:5      | Reached XP level 7. HP: 53/57 MP: 6/6
  2945 | D:5      | Found a snail-covered altar of Cheibriados.
  2968 | D:5      | Reached skill level 10 in Axes
  3057 | D:5      | Reached *** piety under Trog
  3432 | D:6      | Found a glowing golden altar of the Shining One.
  3432 | D:6      | Found a shadowy altar of Dithmenos.
  3432 | D:6      | Found a sacrificial altar of Ru.
  3433 | D:6      | Found a sparkling altar of Nemelex Xobeh.
  3434 | D:6      | Found a stormy altar of Qazlal.
  3434 | D:6      | Found an ancient bone altar of Kikubaaqudgha.
  3434 | D:6      | Found a burning altar of Makhleb.
  3585 | D:6      | Found a sand-covered staircase.
  3590 | Ossuary  | Entered an ossuary
  3627 | Ossuary  | Reached skill level 11 in Axes
  3705 | Ossuary  | Reached XP level 8. HP: 41/64 MP: 7/7
  3857 | Ossuary  | Reached skill level 12 in Axes
  4156 | D:6      | Reached **** piety under Trog
  4192 | D:6      | Noticed MDvedh's ghost (novice FoAK)
  4207 | D:6      | Killed MDvedh's ghost
  4207 | D:6      | Reached skill level 13 in Axes
  4426 | D:7      | Found a staircase to the Ecumenical Temple.
  4611 | D:7      | Reached XP level 9. HP: 70/70 MP: 8/8
  4619 | D:7      | Reached skill level 14 in Axes
  4676 | D:7      | Found an ornate altar of the Wu Jian Council.
  5619 | D:8      | Reached skill level 5 in Fighting
  5753 | D:8      | Reached skill level 15 in Axes
  5753 | D:8      | Reached skill level 5 in Armour
  6234 | D:8      | Received a gift from Trog
  6691 | D:9      | Noticed a two-headed ogre
  6697 | D:9      | Killed a two-headed ogre
  6697 | D:9      | Reached XP level 10. HP: 65/84 MP: 9/9
  6834 | D:9      | Found a staircase to the Lair.
  7057 | D:9      | Reached skill level 16 in Axes
  7091 | D:9      | Found a blossoming altar of Fedhas.
  7180 | D:9      | Reached ***** piety under Trog
  7303 | D:9      | Noticed a molten gargoyle
  7304 | D:9      | Noticed a molten gargoyle
  7308 | D:9      | Noticed a molten gargoyle
  7309 | D:9      | Noticed a molten gargoyle
  7694 | D:9      | Found a staircase to the Orcish Mines.
  7802 | Orc:1    | Entered Level 1 of the Orcish Mines
  7802 | Orc:1    | Noticed a stone giant
  7910 | D:9      | Killed a molten gargoyle
  7928 | D:9      | Killed a molten gargoyle
  7928 | D:9      | Reached XP level 11. HP: 85/94 MP: 10/10
  8156 | Lair:1   | Entered Level 1 of the Lair of Beasts
  8161 | Lair:1   | Noticed an eight-headed hydra
  8186 | Lair:1   | Killed an eight-headed hydra
  8186 | Lair:1   | Reached skill level 17 in Axes
  8356 | Lair:1   | Noticed Harold
  8371 | Lair:1   | Killed Harold
  8620 | Lair:1   | Found an iron altar of Okawaru.
  8620 | Lair:1   | Noticed an oklob plant
  9201 | Lair:1   | Noticed a six-headed hydra
  9209 | Lair:1   | Killed a six-headed hydra
  9776 | Lair:2   | Noticed Sonja
 10058 | Lair:2   | Noticed an eight-headed hydra
 10079 | Lair:2   | Killed an eight-headed hydra
 10079 | Lair:2   | Reached skill level 10 in Fighting
 10079 | Lair:2   | Reached skill level 18 in Axes
 10089 | Lair:2   | Reached XP level 12. HP: 106/106 MP: 11/11
 10093 | Lair:2   | Cast into level 1 of the Abyss (Sonja)
 10422 | Abyss:1  | Noticed a profane servitor
 10454 | Abyss:1  | HP: 2/106 [profane servitor/whip of freezing (6)]
 10461 | Abyss:1  | HP: 5/106 [profane servitor/whip of freezing (11)]
 10461 | Abyss:1  | Slain by a profane servitor

Skill      XL: |  1  2  3  4  5  6  7  8  9 10 11 |
---------------+----------------------------------+-----
Axes           | 4 5 7 8 9 11 13 15 16 18 | 18.2
Fighting       | 6 8 10 | 10.2
Armour         | 5 7 9 |  9.9
Dodging        | |  2.1

Action                   |  1- 3 |  4- 6 |  7- 9 | 10-12 || total
-------------------------+-------+-------+-------+-------++-------
Melee: Hand axe          |    72 |   114 |   212 |       ||   398
       Headbutt          |    12 |    31 |   102 |    76 ||   221
       War axe           |       |       |   124 |       ||   124
       Battleaxe         |       |       |    73 |   350 ||   423
       Flail             |       |       |       |    17 ||    17
Invok: Berserk           |     1 |     2 |     3 |     8 ||    14
       Trog's Hand       |       |     1 |     5 |    15 ||    21
       Burn Spellbooks   |       |       |     1 |     3 ||     4
       Brothers in Arms  |       |       |       |     2 ||     2
Evoke: Wand              |       |       |       |     1 ||     1
  Use: Scroll            |     4 |     3 |     9 |     5 ||    21
       Potion            |       |       |       |     5 ||     5
  Eat: Chunk             |     2 |     7 |    17 |    15 ||    41
       Ration            |       |       |       |     4 ||     4
Armor: Leather armour    |     2 |       |       |       ||     2
       Animal skin       |     2 |       |       |       ||     2
       Ring mail         |    10 |    27 |       |       ||    37
       Plate armour      |       |    17 |   187 |   357 ||   561
Dodge: Dodged            |    39 |    54 |   114 |   150 ||   357

Vault maps used:
D:1:      scummos_arrival_simple_fountains, minmay_misc_feat_plants
D:2:      uniq_robin
D:3:      regret_index_temple_of_mockery, first_ration
D:5:      lemuel_doored_altar, basic_altar
D:6:      grunt_temple_overflow_open, enter_ossuary_2, fountainhead
D:7:      minmay_temple_entry_water_ring, basic_altar, the_bakery,
          kennysheep_windowed_goal
D:9:      minmay_lair_entry_grove, david_orc_4, basic_altar, minivault_8
Lair:1:   lemuel_oklob_altar, uniq_harold
Lair:2:   regret_index_wax_grids, minmay_swamp_entry_eels, kennysheep_rathole,
          uniq_sonja, uniq_gastronok
Orc:1:    serial_shops, shop, bloody_makhleb
Abyss:1:  hangedman_shadowy_showcase
Ossuary:  ossuary_zaba_flooded
